 Dungeon Crawl Stone Soup version 0.29.1-15-g9cfb28693d (webtiles) character file.

Game seed: 17155994533061326678

135 SuperDerp the Cudgeller (level 4, 0/44 HPs)
             Began as a Troll Gladiator on May 11, 2023.
             Slain by a ball python (2 damage)
             ... on level 3 of the Dungeon on May 16, 2023.
             The game lasted 00:05:01 (1581 turns).

SuperDerp the Cudgeller (Troll Gladiator)           Turns: 1581, Time: 00:05:01

Health: 0/44       AC:  4    Str: 24    XL:     4   Next: 97%
Magic:  3/3        EV: 10    Int:  4    God:
Gold:   135        SH:  0    Dex: 11    Spells: 3/3 levels left

rFire   . . .      SeeInvis .   a - +0 flail
rCold   . . .      Faith    .   (no shield)
rNeg    . . .      Spirit   .   b - +0 robe
rPois   .          Reflect  .   c - +0 hat
rElec   .          Harm     .   (no cloak)
rCorr   .          Rampage  .   (gloves unavailable)
Will    +....                   (boots unavailable)
Stlth   +.........              (no amulet)
HPRegen 0.94/turn               l - ring of willpower
MPRegen 0.08/turn               (no ring)

@: attractive
A: large, unfitting armour, claws 3, regeneration 1, shaggy fur 1, tough skin 1
a: no special abilities


You were on level 3 of the Dungeon.
You visited 1 branch of the dungeon, and saw 3 of its levels.

You collected 135 gold pieces.

Inventory:

Hand Weapons
 a - a +0 flail (weapon)
Missiles
 d - 3 throwing nets
 e - a large rock
 k - 7 poisoned darts (quivered)
 n - 3 boomerangs
Armour
 b - a +0 robe (worn)
 c - a +0 hat (worn)
Jewellery
 l - a ring of willpower (left claw)
Scrolls
 g - 2 scrolls of enchant weapon {unknown}
 h - 2 scrolls of identify {unknown}
 j - a scroll of noise {unknown}
 m - 2 scrolls of teleportation {unknown}
 o - a scroll of blinking {unknown}
 p - 2 scrolls of vulnerability {unknown}
Potions
 f - 2 potions of attraction
 i - 4 potions of curing {unknown}
 q - a potion of might {unknown}


   Skills:
 + Level 2.5 Fighting
 + Level 3.5 Maces & Flails
 + Level 2.8 Throwing
 - Level 3.0 Dodging


You had 3 spell levels left.
You didn't know any spells.
Your spell library contained the following spells:

 Spells                   Type           Power      Damage    Failure   Level
 Static Discharge         Conj/Air       0%         3-3/arc   65%         2
 Dispel Undead            Necr           0%         3d6       99%         4
 Sticky Flame             Conj/Fire      0%         2d3       99%         4


Dungeon Overview and Level Annotations

Branches:
Dungeon (3/15)

Altars:

Portals:
Sewer: D:3

Annotations:
D:3 Terence


Innate Abilities, Weirdness & Mutations

You are too large for most types of armour.
You have claws for hands.
Your natural rate of healing is unusually fast.
You are covered in fur. (AC +1)
You have tough skin. (AC +1)


Message History

The grasping roots constrict you.
You thump Terence!
Terence is heavily wounded.
Terence hits you but does no damage. The grasping roots constrict you.
Terence hits you with a +0 flail of protection!
The grasping roots constrict you.
The grasping roots release their grip on you.
You hit Terence.
Terence is severely wounded.
A ball python comes into view.
Terence says, "Time to say good-bye..."
Terence zaps a wand.
The roots erupt in riotous growth!
The grasping roots grab you!
Terence is unaffected.
The grasping roots constrict you.
You hit Terence but do no damage.
Terence is severely wounded.
Terence hits you but does no damage. The grasping roots constrict you.
You hit Terence but do no damage.
Terence is severely wounded.
An endoplasm comes into view.
Terence hits you with a +0 flail of protection!
The grasping roots constrict you.
* * * LOW HITPOINT WARNING * * *
The grasping roots release their grip on you.
You completely miss Terence.
Terence is severely wounded.
Terence closely misses you. The ball python barely misses you.
You barely miss Terence.
Terence is severely wounded.
Terence hits you with a +0 flail of protection!
* * * LOW HITPOINT WARNING * * *
The ball python bites you.
* * * LOW HITPOINT WARNING * * *
Terence barely misses you.
It was a potion of attraction.
You feel attractive to monsters. The ball python bites you.
* * * LOW HITPOINT WARNING * * *
The ball python bites you.
You die...

.... .... #.
..... ###.S.
..... )#...#
.....S ....#
......# #._.##
......@###.....#
......S@#...#
......J....#
######.#..##
#.###..# #..##†##
##....# ##..###
#########...#
#.........#......


You could see Terence, an endoplasm and 2 ball pythons.

Vanquished Creatures
  3 gnolls (D:2)
  4 adders
  3 dart slugs
  4 orcs (D:3)
  7 endoplasms
  3 giant cockroaches
  A goblin (D:1)
  3 hobgoblins
  11 jackals
  A quokka (D:3)
  5 ball pythons
  4 bats
  4 frilled lizards
  2 kobolds
  4 rats
59 creatures vanquished.

Notes
Turn   | Place    | Note
-------+----------+-------------------------------------------
     0 | D:1      | SuperDerp the Troll Gladiator began the quest for the Orb.
     0 | D:1      | Reached XP level 1. HP: 19/19 MP: 0/0
    74 | D:1      | Reached XP level 2. HP: 28/28 MP: 1/1
   351 | D:1      | Reached XP level 3. HP: 35/35 MP: 2/2
   858 | D:2      | Reached XP level 4. HP: 42/42 MP: 3/3
  1412 | D:3      | Found a glowing drain.
  1570 | D:3      | Found a faded altar of an unknown god.
  1570 | D:3      | Noticed Terence
  1581 | D:3      | HP: 2/44 [ball python (1)]
  1581 | D:3      | Slain by a ball python

Illustrated notes

Levels and vault maps discovered:
D:1:      tarquinn_simple_flora_water_a, layout_loops_ring
D:2:      layout_loops_ring
D:3:      layout_rooms, gup_sewer_entry_glass,
          nicolae_ecumenical_snake_handling, minmay_misc_feat_five, uniq_terence

Skill      XL: |  1  2  3  4 |
---------------+-------------+-----
Throwing       | 2 |  2.8
Maces & Flails | 3 |  3.5
Fighting       | 2 |  2.5
Dodging        | 3 |  3.0

Action                   |  1- 3 |  4- 6 || total
-------------------------+-------+-------++-------
Melee: Flail             |    95 |   104 ||   199
       Punch             |     1 |     2 ||     3
  Use: Potion            |       |     1 ||     1
 Stab: Sleeping          |     1 |     1 ||     2
Armor: Robe              |    45 |    64 ||   109
Dodge: Dodged            |    75 |    83 ||   158
